 Dungeon Crawl Stone Soup version 0.26-a0-1147-g3780a7a11b (webtiles) character file.

Game seed: 9428563497142096230

81278 loralnil the Grappler (level 15, -8/117 HPs)
             Began as a Gnoll Transmuter on Dec 22, 2020.
             Was a High Priest of Okawaru.
             Mangled by a spatial maelstrom (11 damage)
             ... on level 4 of the Abyss.
             The game lasted 00:50:01 (28169 turns).

loralnil the Grappler (Gnoll Transmuter)           Turns: 28169, Time: 00:50:02

Health: -8/117     AC: 19    Str: 17    XL:     15   Next: 69%
Magic:  19/30      EV: 21    Int: 29    God:    Okawaru [*****.]
Gold:   1269       SH: 14    Dex: 22    Spells: 21/36 levels left

rFire    + + .     SeeInvis +   z - +9 morningstar (vorpal)
rCold    + + +     Faith    .   A - +2 kite shield of Least Resistance {rElec rF++}
rNeg     . . .     Spirit   .   r - +3 leather armour {rC+}
rPois    +         Reflect  .   K - +1 helmet {SInv}
rElec    +         Harm     .   I - +5 cloak "Kebec" {rC++ Int+2}
rCorr    .         Rampage  .   G - -1 pair of gloves "Feomij" {rPois Int+4}
Will     +....                  E - +1 pair of boots {Fly}
Stlth    +++++.....             e - amulet of magic regeneration
HPRegen  0.29/turn              a - +6 ring of dexterity
MPRegen  0.47/turn              y - +6 ring of intelligence

@: flying
A: distributed training, fangs 1, strong nose
a: Stop Flying, Renounce Religion, Heroism, Finesse


You were on level 4 of the Abyss.
You worshipped Okawaru.
Okawaru was extremely pleased with you.
You visited 3 branches of the dungeon, and saw 22 of its levels.
You visited the Abyss 1 time.
You also visited: Gauntlet.

You collected 1855 gold pieces.
You spent 586 gold pieces at shops.

Inventory:

Hand Weapons
 z - a +9 vorpal morningstar (weapon)
 T - the +4 longbow "Apiuw" {flame, *Corrode rC+ Str+3, unknown}
   (Okawaru gifted it to you on level 6 of the Lair of Beasts)

   It causes projectiles fired from it to burn those they strike, causing extra
   injury to most foes and up to half again as much damage against particularly
   susceptible opponents.
   It affects your strength (+3).
   It protects you from cold.
   It may corrode you when you take damage.
 U - the +9 great mace of Beastly Gallantry {antimagic, rElec Will+ Int+3 Dex-5}
   (You took it off a two-headed ogre on level 13 of the Dungeon)

   It reduces the magical energy of the wielder, and disrupts the spells and
   magical abilities of those hit.
   Natural abilities and divine invocations are not affected.
   It affects your intelligence (+3).
   It affects your dexterity (-5).
   It insulates you from electricity.
   It affects your willpower, your defense against some magical effects.
Missiles
 R - 24 silver javelins (quivered)
 S - 10 boomerangs of dispersal
Armour
 r - a +3 leather armour of cold resistance (worn)
 t - a scarf of resistance
 A - the +2 kite shield of Least Resistance (worn) {rElec rF++}
   (You bought it in a shop on level 5 of the Dungeon)

   It greatly protects you from fire.
   It insulates you from electricity.
 E - a +1 pair of boots of flying (worn)
 G - the -1 pair of gloves "Feomij" (worn) {rPois Int+4}
   (You bought it in a shop on level 9 of the Dungeon)

   It affects your intelligence (+4).
   It protects you from poison.
 I - the +5 cloak "Kebec" (worn) {rC++ Int+2}
   (You found it in a Gauntlet)

   It affects your intelligence (+2).
   It greatly protects you from cold.
 K - a +1 helmet of see invisible (worn)
Jewellery
 a - a +6 ring of dexterity (left hand)
 e - an amulet of magic regeneration (around neck)
 y - a +6 ring of intelligence (right hand)
 O - a +4 ring of protection
Wands
 l - a wand of iceblast (21)
 n - a wand of enslavement (13)
 q - a wand of polymorph (14)
 v - a wand of digging (8)
 B - a wand of flame (32)
 D - a wand of disintegration (19)
 H - a wand of random effects (15)
 M - a wand of paralysis (12)
 N - a wand of acid (13)
Scrolls
 c - 5 scrolls of teleportation
 g - 2 scrolls of enchant weapon
 h - 2 scrolls of fog
 k - a scroll of vulnerability
 m - 7 scrolls of remove curse
 p - 7 scrolls of amnesia
 u - 2 scrolls of silence
 w - 4 scrolls of fear
 x - 8 scrolls of magic mapping
 Q - a scroll of brand weapon {unknown}
 V - a scroll of acquirement {unknown}
Potions
 b - 10 potions of curing
 d - 7 potions of attraction
 f - 3 potions of mutation
 i - 7 potions of flight
 j - a potion of berserk rage
 o - 2 potions of might
 s - 2 potions of cancellation
 C - a potion of resistance
 J - 2 potions of invisibility
 L - a potion of haste
 P - a potion of brilliance


   Skills:
 + Level 10.5 Fighting
 + Level 10.2 Short Blades
 + Level 10.2 Long Blades
 + Level 10.2 Axes
 + Level 10.2 Maces & Flails
 + Level 10.2 Polearms
 + Level 10.2 Staves
 + Level 10.2 Slings
 + Level 10.2 Bows
 + Level 10.2 Crossbows
 + Level 10.2 Throwing
 + Level 10.2 Armour
 + Level 11.1 Dodging
 + Level 10.2 Stealth
 + Level 10.2 Shields
 + Level 11.9 Unarmed Combat
 + Level 11.3 Spellcasting
 + Level 8.6 Conjurations
 + Level 8.6 Hexes
 + Level 8.6 Summonings
 + Level 8.6 Necromancy
 + Level 8.6 Translocations
 + Level 9.5 Transmutations
 + Level 8.6 Fire Magic
 + Level 8.6 Ice Magic
 + Level 8.6 Air Magic
 + Level 8.6 Earth Magic
 + Level 8.6 Poison Magic
 + Level 11.1 Invocations
 + Level 10.2 Evocations


You had 21 spell levels left.
You knew the following spells:

 Your Spells              Type           Power        Failure   Level
a - Beastly Appendage     Tmut           100%         1%          1
b - Wereblood             Tmut           64%          1%          2
c - Spider Form           Tmut/Pois      31%          1%          3
d - Ice Form              Ice/Tmut       62%          1%          4
e - Blade Hands           Tmut           32%          3%          5

Your spell library contained the following spells:

 Spells                   Type           Power        Failure   Level
 Animate Skeleton         Necr           100%         1%          1
 Apportation              Tloc           100%         1%          1
 Corona                   Hex            67%          1%          1
 Summon Small Mammal      Summ           100%         1%          1
 Corpse Rot               Necr/Air       N/A          1%          2
 Sublimation of Blood     Necr           30%          1%          2
 Dispel Undead            Necr           61%          1%          4
 Agony                    Necr           61%          5%          5
 Bolt of Magma            Conj/Fire/Erth 30%          5%          5
 Excruciating Wounds      Necr           30%          5%          5
 Iskenderun's Battlesphe  Conj           61%          5%          5
 Iron Shot                Conj/Erth      30%          30%         6
 Orb of Destruction       Conj           30%          86%         7
 Spellforged Servitor     Conj/Summ      30%          86%         7


Dungeon Overview and Level Annotations

Branches:
Dungeon (14/15)            Temple (0/1) D:6            Lair (6/6) D:11
  Swamp (0/4) Lair:3       Spider (0/4) Lair:4        Slime (0/5) Lair:6
    Orc (2/2) D:10            Elf (0/3) Orc:2        Vaults (0/5) D:13
Gauntlet (visited)

Altars:
Ashenzari
Cheibriados
Dithmenos
Hepliaklqana
Kikubaaqudgha
Nemelex Xobeh
Okawaru
Qazlal
Sif Muna
Trog
Vehumet
Xom
Yredelemnul
The Shining One

Shops:
D:5 ***   D:6 =   D:9 }([   D:12 :   Orc:1 *   Orc:2 [[![

Portals:
Trove: D:13 (give 12 scrolls of teleportation)

Annotations:
D:12 3 runed translucent doors, Geysof's ghost, journeyman FoAr; Oriqi's ghost, journeyman DrTm; Vokhlorchaa's ghost, journeyman DsBe; Wiblint's ghost, journeyman DsBe
D:14 Louise
Lair:5 exclusion: 2 oklob plants


Innate Abilities, Weirdness & Mutations

Your experience applies equally to all skills.
You have very sharp teeth.
Your uncanny sense of smell can sniff out nearby items.


Message History

The thrashing horror misses you. The thrashing horror tramples you.
* * * LOW HITPOINT WARNING * * *
You are shoved backwards!
A spatial vortex comes into view.
An eye of draining comes into view.
The thrashing horror roars!
You hear a roar!
The eye of draining turns its gaze towards you.
You hear a roar!
You block the thrashing horror's attack. x2
The eye of draining gazes at you.
You feel your power leaking away.
A spatial vortex comes into view. x3
The thrashing horror misses you. x2
The eye of draining gazes at you.
You feel your power leaking away.
The thrashing horror roars!
You hear a roar!
You block the thrashing horror's attack.
The thrashing horror tramples you but does no damage.
The spatial maelstrom hits you!
You die...

. ....#### .##...
#.#..##.# ......
.#...##.##...####
#.Z..#.G....#.#.X
. āˆ†.
####.x...#)..X...#
#.v..v.x..#.###..
#.v...###v#..# ###
#.#.v..X#.# #
..##.#..#v@..#
###ā”€
..#.##.##v#####
vĪ›/ā”€w..# ## #.
/V#.# # .. X## ...
.. .#... . .. ..#.
# .vX# ..


You could see a spatial maelstrom, 4 spatial vortices, 2 thrashing horrors, an
eye of draining and a small abomination.

Vanquished Creatures
  A ghost moth (Abyss:4)
  An orc warlord (Orc:1)
  A minotaur (Gauntlet)
  Snorg (D:11)
  Fannar (Lair:1)
  A fire dragon (Lair:6)
  The ghost of Haatiane the Fighter, a journeyman GrFi of Okawaru (D:13)
  4 vault guards (D:13)
  Harold (Orc:1)
  Erolcha (D:9)
  8 hydras
  A catoblepas (Gauntlet)
  A centaur warrior (D:12)
  A death scarab (Gauntlet)
  6 two-headed ogres
  2 thrashing horrors (Abyss:4)
  An orc high priest (Orc:2)
  5 death yaks
  A spectral catoblepas (Gauntlet)
  A fire crab (Gauntlet)
  A wizard (D:13)
  A swamp dragon (Lair:6)
  2 starcursed masses (Abyss:4)
  Pikel (D:7)
  7 ugly things
  5 orc sorcerers
  A cyclops (Orc:2)
  2 orc knights
  5 oklob plants (Lair:6)
  5 elephants (Lair:3)
  6 black mambas
  A torpor snail (Lair:4)
  13 cane toads
  2 molten gargoyles (Gauntlet)
  3 gargoyles
  3 rime drakes
  A yaktaur (D:13)
  An efreet (D:14)
  11 komodo dragons
  2 ancient zymes (Abyss:4)
  4 trolls
  4 jumping spiders (Lair:4)
  2 polar bears
  A hornet (D:11)
  14 blink frogs
  5 dream sheep (Lair:6)
  2 wyverns
  A wraith (D:10)
  27 yaks
  A ynoxinul (Abyss:4)
  2 fire bats (Gauntlet)
  18 humans (D:13)
  2 basilisks
  Grum (D:11)
  4 steam dragons
  A neqoxec (Abyss:4)
  Menkaure (D:6)
  4 wargs (Orc:1)
  3 acid dragons (Lair:6)
  20 water moccasins
  A soldier ant (D:14)
  A swamp drake (Lair:6)
  3 ice beasts
  5 phantoms
  3 sky beasts
  3 black bears
  26 orc warriors
  An eye of draining (D:11)
  13 ogres
  2 centaurs
  10 wolves
  A lemure (D:7)
  20 bullfrogs
  A big kobold (D:7)
  A wyvern zombie (D:13)
  4 scorpions
  A water moccasin skeleton (D:11)
  5 killer bees (D:9)
  24 wights
  2 howler monkeys
  A bullfrog zombie (D:9)
  10 hounds
  3 quasits
  22 orc priests
  4 centaur zombies
  2 jellies
  5 bullfrog skeletons
  11 iguanas
  9 worker ants
  50 orc wizards
  3 hell rats (D:11)
  A hound skeleton (D:10)
  4 gnolls (D:4)
  A howler monkey skeleton (D:10)
  A worker ant zombie (D:11)
  3 river rats (D:11)
  12 adders
  A shadow imp (D:9)
  4 white imps
  An ufetubus (D:6)
  An ooze (D:1)
  An adder skeleton (D:9)
  3 worms
  3 leopard geckos
  87 orcs
  7 giant cockroaches
  6 goblins
  4 hobgoblins
  7 jackals
  6 quokkas
  9 bats
  4 frilled lizards
  A giant cockroach zombie (D:5)
  12 kobolds
  A leopard gecko skeleton (D:8)
  A quokka skeleton (D:6)
  A quokka zombie (D:6)
  6 rats
665 creatures vanquished.

Vanquished Creatures (others)
  An orc (D:5)
  19 fungi
  36 plants
  2 starspawn tentacles (Abyss:4)
  2 withered plants (D:12)
60 creatures vanquished.

Grand Total: 725 creatures vanquished

Notes
Turn   | Place    | Note
-------+----------+-------------------------------------------
     0 | D:1      | loralnil the Gnoll Transmuter began the quest for the Orb.
     0 | D:1      | Reached XP level 1. HP: 17/17 MP: 6/6
   248 | D:1      | Reached XP level 2. HP: 19/23 MP: 5/7
   926 | D:2      | Reached XP level 3. HP: 6/28 MP: 7/9
   929 | D:2      | Learned a level 2 spell: Wereblood
   933 | D:2      | Learned a level 3 spell: Spider Form
  1020 | D:2      | Reached skill level 5 in Spellcasting
  1423 | D:2      | Reached skill level 1 in Invocations
  1735 | D:3      | Reached skill level 1 in Short Blades
  1735 | D:3      | Reached skill level 1 in Long Blades
  1735 | D:3      | Reached skill level 1 in Axes
  1735 | D:3      | Reached skill level 1 in Maces & Flails
  1735 | D:3      | Reached skill level 1 in Polearms
  1735 | D:3      | Reached skill level 1 in Staves
  1735 | D:3      | Reached skill level 1 in Slings
  1735 | D:3      | Reached skill level 1 in Bows
  1735 | D:3      | Reached skill level 1 in Crossbows
  1735 | D:3      | Reached skill level 1 in Throwing
  1735 | D:3      | Reached skill level 1 in Armour
  1735 | D:3      | Reached skill level 1 in Stealth
  1735 | D:3      | Reached skill level 1 in Shields
  1735 | D:3      | Reached skill level 1 in Evocations
  1861 | D:3      | Reached XP level 4. HP: 34/34 MP: 6/11
  2383 | D:3      | Noticed an ogre
  2395 | D:3      | Killed an ogre
  2396 | D:3      | Reached skill level 1 in Conjurations
  2396 | D:3      | Reached skill level 1 in Hexes
  2396 | D:3      | Reached skill level 1 in Summonings
  2396 | D:3      | Reached skill level 1 in Necromancy
  2396 | D:3      | Reached skill level 1 in Translocations
  2396 | D:3      | Reached skill level 1 in Fire Magic
  2396 | D:3      | Reached skill level 1 in Ice Magic
  2396 | D:3      | Reached skill level 1 in Air Magic
  2396 | D:3      | Reached skill level 1 in Earth Magic
  2396 | D:3      | Reached skill level 1 in Poison Magic
  2396 | D:3      | Reached XP level 5. HP: 29/41 MP: 9/12
  2613 | D:4      | Reached XP level 6. HP: 21/47 MP: 13/13
  2616 | D:4      | Reached skill level 5 in Dodging
  3079 | D:4      | Found a shadowy altar of Dithmenos.
  3286 | D:4      | Reached XP level 7. HP: 15/52 MP: 10/15
  3956 | D:5      | Entered Level 5 of the Dungeon
  3972 | D:5      | Found Owez's General Store.
  4039 | D:5      | Found a shimmering altar of Xom.
  4556 | D:5      | Found Irelith's Assorted Antiques.
  4690 | D:5      | Found Okhogoy's Assorted Antiques.
  4889 | D:6      | Reached XP level 8. HP: 60/60 MP: 16/16
  4900 | D:6      | Found Wumunem's Jewellery Emporium.
  5020 | D:6      | Found an iron altar of Okawaru.
  5030 | D:6      | Became a worshipper of Warmaster Okawaru
  5253 | D:6      | Noticed Menkaure
  5621 | D:6      | Killed Menkaure
  5621 | D:6      | Reached * piety under Okawaru
  5682 | D:6      | Learned a level 4 spell: Ice Form
  5878 | D:6      | Found a staircase to the Ecumenical Temple.
  6081 | D:7      | Found a broken altar of Ashenzari.
  6084 | D:7      | Found a sparkling altar of Nemelex Xobeh.
  6087 | D:7      | Found an ancient bone altar of Kikubaaqudgha.
  6118 | D:7      | Reached skill level 5 in Transmutations
  6118 | D:7      | Reached XP level 9. HP: 59/66 MP: 14/18
  6351 | D:7      | Reached skill level 5 in Fighting
  6607 | D:7      | Reached ** piety under Okawaru
  6720 | D:7      | Found a faded altar of an unknown god.
  6720 | D:7      | Found a shimmering blue altar of Sif Muna.
  6725 | D:7      | Found a snail-covered altar of Cheibriados.
  6727 | D:7      | Found a basalt altar of Yredelemnul.
  6729 | D:7      | Found a bloodstained altar of Trog.
  6784 | D:7      | Noticed Pikel
  6795 | D:7      | Killed Pikel
  6796 | D:7      | Reached skill level 5 in Invocations
  7086 | D:7      | Reached *** piety under Okawaru
  7096 | D:7      | Reached XP level 10. HP: 74/74 MP: 20/20
  7296 | D:5      | Bought a heavily runed kite shield for 256 gold pieces
  7301 | D:5      | Identified the +2 kite shield of Least Resistance {rElec
                  | rF++} (You bought it in a shop on level 5 of the Dungeon)
  7348 | D:8      | Found a radiant altar of Vehumet.
  7442 | D:8      | Reached skill level 5 in Short Blades
  7442 | D:8      | Reached skill level 5 in Long Blades
  7442 | D:8      | Reached skill level 5 in Axes
  7442 | D:8      | Reached skill level 5 in Maces & Flails
  7442 | D:8      | Reached skill level 5 in Polearms
  7442 | D:8      | Reached skill level 5 in Staves
  7442 | D:8      | Reached skill level 5 in Slings
  7442 | D:8      | Reached skill level 5 in Bows
  7442 | D:8      | Reached skill level 5 in Crossbows
  7442 | D:8      | Reached skill level 5 in Throwing
  7442 | D:8      | Reached skill level 5 in Armour
  7442 | D:8      | Reached skill level 5 in Stealth
  7442 | D:8      | Reached skill level 5 in Shields
  7442 | D:8      | Reached skill level 5 in Evocations
  7676 | D:8      | Noticed a two-headed ogre
  7687 | D:8      | Killed a two-headed ogre
  8069 | D:8      | Found an ancient bone altar of Kikubaaqudgha.
  8182 | D:8      | Found a hazy altar of Hepliaklqana.
  8188 | D:8      | Received a gift from Okawaru
  8250 | D:9      | Found Kycsiu Xunil's Weapon Shoppe.
  8387 | D:9      | Found a stormy altar of Qazlal.
  8817 | D:9      | Found Fothas's Antique Armour Shop.
  8825 | D:9      | Bought a pair of heavily runed gloves for 190 gold pieces
  8835 | D:9      | Identified the cursed -1 pair of gloves "Feomij" {rPois
                  | Int+4} (You bought it in a shop on level 9 of the Dungeon)
  9009 | D:9      | Noticed Erolcha
  9022 | D:9      | Killed Erolcha
  9022 | D:9      | Reached **** piety under Okawaru
  9070 | D:9      | Found Izuaru's Gadget Shoppe.
  9116 | D:10     | Entered Level 10 of the Dungeon
  9409 | D:10     | Reached XP level 11. HP: 63/83 MP: 19/22
  9710 | D:10     | Found a staircase to the Orcish Mines.
  9911 | D:10     | Reached skill level 5 in Conjurations
  9911 | D:10     | Reached skill level 5 in Hexes
  9911 | D:10     | Reached skill level 5 in Summonings
  9911 | D:10     | Reached skill level 5 in Necromancy
  9911 | D:10     | Reached skill level 5 in Translocations
  9911 | D:10     | Reached skill level 5 in Fire Magic
  9911 | D:10     | Reached skill level 5 in Ice Magic
  9911 | D:10     | Reached skill level 5 in Air Magic
  9911 | D:10     | Reached skill level 5 in Earth Magic
  9911 | D:10     | Reached skill level 5 in Poison Magic
 10314 | D:10     | Reached ***** piety under Okawaru
 10779 | D:11     | Noticed a death yak
 10781 | D:11     | Noticed a death yak
 10781 | D:11     | Noticed Grum
 10802 | D:11     | Noticed a death yak
 10806 | D:11     | Killed a death yak
 10811 | D:11     | Killed a death yak
 10811 | D:11     | Received a gift from Okawaru
 10816 | D:11     | Killed Grum
 10823 | D:11     | Killed a death yak
 11183 | D:11     | Found a staircase to the Lair.
 11341 | D:11     | Noticed a cyan ugly thing
 11374 | D:11     | Killed a cyan ugly thing
 11417 | D:11     | Noticed an eight-headed hydra
 11436 | D:11     | Killed an eight-headed hydra
 11577 | D:11     | Reached XP level 12. HP: 88/91 MP: 24/24
 11752 | D:11     | Noticed Snorg
 11762 | D:11     | Killed Snorg
 11762 | D:11     | Received a gift from Okawaru
 11946 | D:11     | Learned a level 5 spell: Blade Hands
 12370 | D:12     | Noticed a centaur warrior
 12389 | D:12     | Killed a centaur warrior
 12631 | D:12     | Found Uttimpoq's Book Shoppe.
 12644 | D:12     | Found a runed translucent gate.
 12645 | D:12     | Found a runed translucent gate.
 12646 | D:12     | Found a runed translucent gate.
 12649 | D:12     | Noticed Oriqi's ghost (journeyman DrTm)
 12649 | D:12     | Noticed Geysof's ghost (journeyman FoAr)
 12650 | D:12     | Noticed Wiblint's ghost (journeyman DsBe)
 12651 | D:12     | Noticed Vokhlorchaa's ghost (journeyman DsBe)
 13007 | D:13     | Found a portal to a secret trove of treasure.
 13445 | D:13     | Got an iridescent whip
 13476 | D:13     | Found a transporter.
 13481 | D:13     | Found a transporter.
 13482 | D:13     | Noticed Haatiane's ghost (journeyman GrFi)
 13482 | D:13     | Identified the +9 great mace of Beastly Gallantry
                  | {antimagic, rElec Will+ Int+3 Dex-5}
 13482 | D:13     | Noticed a two-headed ogre
 13482 | D:13     | Noticed a two-headed ogre
 13483 | D:13     | Noticed a two-headed ogre
 13484 | D:13     | Noticed a two-headed ogre
 13560 | D:13     | Identified the cursed +1 whip "Kopuxt" {vorpal, Dex+5} (You
                  | found it on level 13 of the Dungeon)
 13750 | D:13     | Found a glowing golden altar of the Shining One.
 13918 | D:13     | Paralysed by a wizard for 2 turns
 13928 | D:13     | Reached skill level 10 in Unarmed Combat
 13930 | D:13     | Noticed a vault guard
 13930 | D:13     | Noticed a vault guard
 14198 | Lair:1   | Entered Level 1 of the Lair of Beasts
 14916 | Lair:1   | Reached XP level 13. HP: 95/98 MP: 24/26
 15275 | Lair:1   | Noticed Fannar
 15304 | Lair:1   | Killed Fannar
 15304 | Lair:1   | Received a gift from Okawaru
 16015 | Lair:2   | Reached ****** piety under Okawaru
 16170 | Lair:2   | Received a gift from Okawaru
 16173 | Lair:2   | Got a heavily runed scale mail {god gift}
 16274 | Lair:2   | Identified the +6 scale mail of the Slorg {Harm Stlth+}
                  | (Okawaru gifted it to you on level 2 of the Lair of Beasts)
 16764 | Lair:3   | Found a staircase to the Swamp.
 18154 | Lair:4   | Reached skill level 10 in Spellcasting
 18360 | Lair:4   | Found a gate leading to a gauntlet.
 18394 | Gauntlet | Entered a Gauntlet
 18394 | Gauntlet | Found a transporter.
 18394 | Gauntlet | Found a transporter.
 18396 | Gauntlet | Found a transporter.
 18396 | Gauntlet | Found a transporter.
 18400 | Gauntlet | Found a transporter.
 18400 | Gauntlet | Found a transporter.
 18432 | Gauntlet | Found a transporter.
 18434 | Gauntlet | Noticed a death ooze
 18436 | Gauntlet | Found a transporter.
 18452 | Gauntlet | Found a transporter.
 18460 | Gauntlet | Found a transporter.
 18474 | Gauntlet | Found a transporter.
 18478 | Gauntlet | Found a transporter.
 18934 | Gauntlet | Received a gift from Okawaru
 18936 | Gauntlet | Reached XP level 14. HP: 104/108 MP: 18/28
 18951 | Gauntlet | Received a gift from Okawaru
 18952 | Gauntlet | Reached skill level 10 in Dodging
 18961 | Gauntlet | Got a translucent cloak
 18972 | Gauntlet | Identified the +5 cloak "Kebec" {rC++ Int+2} (You found it
                  | in a Gauntlet)
 20089 | Lair:4   | Found a hole to the Spider Nest.
 20807 | Lair:5   | Reached skill level 10 in Invocations
 21051 | Lair:5   | Received a gift from Okawaru
 21657 | Lair:6   | Entered Level 6 of the Lair of Beasts
 21764 | Lair:6   | Received a gift from Okawaru
 22049 | Lair:6   | Received a gift from Okawaru
 22052 | Lair:6   | Got a steaming longbow {god gift}
 22743 | Lair:6   | Found a staircase to the Slime Pits.
 24348 | Orc:1    | Entered Level 1 of the Orcish Mines
 24515 | Orc:1    | Reached skill level 10 in Fighting
 24589 | Orc:1    | Found Nyophum's Needful Niceties.
 25047 | Orc:2    | Entered Level 2 of the Orcish Mines
 25086 | Orc:1    | Reached XP level 15. HP: 55/115 MP: 23/29
 25088 | Orc:1    | Received a gift from Okawaru
 25307 | Orc:2    | Noticed an orc warlord
 25327 | Orc:1    | Killed an orc warlord
 25327 | Orc:1    | Received a gift from Okawaru
 25516 | Orc:2    | Found a staircase to the Elven Halls.
 26132 | Orc:2    | Found Dookijir's Distillery.
 26132 | Orc:2    | Found Gakomai's Armour Shop.
 26135 | Orc:2    | Found Enuann's Antique Armour Boutique.
 26135 | Orc:2    | Found Jimmoppi's Armour Boutique.
 26193 | Orc:2    | Bought a potion of haste for 140 gold pieces
 26626 | Orc:1    | Noticed Harold
 26636 | Orc:1    | Killed Harold
 27022 | D:13     | Reached skill level 10 in Short Blades
 27022 | D:13     | Reached skill level 10 in Long Blades
 27022 | D:13     | Reached skill level 10 in Axes
 27022 | D:13     | Reached skill level 10 in Maces & Flails
 27022 | D:13     | Reached skill level 10 in Polearms
 27022 | D:13     | Reached skill level 10 in Staves
 27022 | D:13     | Reached skill level 10 in Slings
 27022 | D:13     | Reached skill level 10 in Bows
 27022 | D:13     | Reached skill level 10 in Crossbows
 27022 | D:13     | Reached skill level 10 in Throwing
 27022 | D:13     | Reached skill level 10 in Armour
 27022 | D:13     | Reached skill level 10 in Stealth
 27022 | D:13     | Reached skill level 10 in Shields
 27022 | D:13     | Reached skill level 10 in Evocations
 27282 | D:13     | Found a gate to the Vaults.
 27410 | D:13     | Killed Haatiane's ghost
 27410 | D:13     | Received a gift from Okawaru
 27528 | D:14     | Found a shimmering blue altar of Sif Muna.
 27742 | D:14     | Noticed Louise
 27766 | D:14     | Cast into level 3 of the Abyss (Louise)
 27833 | Abyss:4  | Noticed a ghost moth
 27848 | Abyss:4  | Killed a ghost moth
 27868 | Abyss:4  | Paralysed by accursed screaming for 1 turns
 27870 | Abyss:4  | HP: 4/117 [starcursed mass/accursed screaming (9)]
 28151 | Abyss:4  | Noticed a tentacled starspawn
 28158 | Abyss:4  | HP: 1/117 [blizzard demon (10)]
 28165 | Abyss:4  | HP: 2/117 [thrashing horror (1)]
 28169 | Abyss:4  | Mangled by a spatial maelstrom

Illustrated notes

Levels and vault maps discovered:
D:1:      mrwooster_arrival_statue, layout_basic
D:2:      minmay_evil_eye, layout_basic, minmay_tripent
D:3:      layout_loops_ring
D:4:      layout_basic, lemuel_doored_altar, serial_rivers,
          chequers_serial_rivers_marsh, chequers_serial_rivers_small_b,
          chequers_serial_rivers_micro_e, chequers_serial_rivers_micro_d,
          chequers_serial_rivers_small_3, chequers_serial_rivers_room_b
D:5:      layout_cave_pools, nicolae_overflow_hidden_temple, serial_shops, shop,
          nicolae_shop_stone, shop, xom_confusion_cloud
D:6:      layout_basic, okawaru_trees_1, temple_fountains, serial_shops, shop,
          chequers_serial_rivers_small_3, uniq_menkaure
D:7:      layout_basic, chequers_temple_overflow_minitemple,
          grunt_temple_overflow_diamond, minmay_a_box_with_orc_wizards_in_it,
          uniq_pikel
D:8:      layout_loops_ring, fiery_altar_vehumet, hangedman_feature_mirror
D:9:      layout_rooms, serial_shops, shop, shop, kennysheep_little_box,
          basic_altar, uniq_erolcha
D:10:     layout_long_grid, orc_0_dummy, kennysheep_generic_room_13
D:11:     layout_long_grid, dpeg_lair_monsters, chequers_serial_rivers_micro_e,
          serial_bayou_pond_c, uniq_snorg, uniq_grum
D:12:     layout_cross, gammafunk_ghost_cemetery, serial_shops, shop
D:13:     layout_roguey, grunt_vaults_entry_tiered,
          nicolae_trove_entry_crossroad, serial_corexii_hall,
          corexii_hall_statues_i, chequers_hall_statues_y,
          gammafunk_ghost_smash, kennysheep_pointless_box, tso_altar
D:14:     layout_loops_cross, nrook_uturn, serial_shops, shop,
          serial_bayou_pond_b, lemuel_altar_in_water, uniq_louise, uniq_nessos
Lair:1:   layout_big_grid, serial_rivers, chequers_serial_rivers_room_b,
          chequers_serial_rivers_small_a, chequers_serial_rivers_micro_b,
          chequers_serial_rivers_micro_b, chequers_serial_rivers_small_b,
          chequers_serial_rivers_micro_e, minivault_23, beast_lair_carwin_1,
          uniq_fannar
Lair:2:   layout_regular_city, serial_bayou_pond_a, lemuel_fruit_fields
Lair:3:   layout_chaotic_city, swamp_mist, columned_hall_lemuel
Lair:4:   layout_regular_city, spider_nest_entry_funnel_web,
          gauntlet_entry_generic
Lair:5:   layout_roguey, minmay_lair_oklob_chamber
Lair:6:   guppyfry_lair_end_dragon, layout_cave_pods,
          minmay_slime_entry_oklob_enclosed
Orc:1:    layout_caves, nicolae_alphabet_shops, guppyfry_library_mini,
          uniq_harold
Orc:2:    st_orc_mages, layout_caves
Abyss:4:  base: D:8, evilmike_abyss_exit_7, evilmike_abyss_exit_15,
          hangedman_summoners_spam, evilmike_abyss_rune_tso_outpost,
          evilmike_abyss_rune_tso_outpost

Skill      XL: |  1  2  3  4  5  6  7  8  9 10 11 12 13 14 15 |
---------------+----------------------------------------------+-----
Spellcasting   | 5 6 7 8 9 10 11 | 11.3
Invocations    | 1 2 3 4 5 6 7 8 9 10 11 | 11.1
Short Blades   | 1 2 3 4 5 6 7 8 9 10 | 10.2
Long Blades    | 1 2 3 4 5 6 7 8 9 10 | 10.2
Axes           | 1 2 3 4 5 6 7 8 9 10 | 10.2
Maces & Flails | 1 2 3 4 5 6 7 8 9 10 | 10.2
Polearms       | 1 2 3 4 5 6 7 8 9 10 | 10.2
Staves         | 1 2 3 4 5 6 7 8 9 10 | 10.2
Slings         | 1 2 3 4 5 6 7 8 9 10 | 10.2
Bows           | 1 2 3 4 5 6 7 8 9 10 | 10.2
Crossbows      | 1 2 3 4 5 6 7 8 9 10 | 10.2
Throwing       | 1 2 3 4 5 6 7 8 9 10 | 10.2
Armour         | 1 2 3 4 5 6 7 8 9 10 | 10.2
Stealth        | 1 2 3 4 5 6 7 8 9 10 | 10.2
Shields        | 1 2 3 4 5 6 7 8 9 10 | 10.2
Evocations     | 1 2 3 4 5 6 7 8 9 10 | 10.2
Fighting       | 3 4 5 6 7 8 9 10 | 10.5
Conjurations   | 1 2 3 4 5 6 7 8 |  8.6
Hexes          | 1 2 3 4 5 6 7 8 |  8.6
Summonings     | 1 2 3 4 5 6 7 8 |  8.6
Necromancy     | 1 2 3 4 5 6 7 8 |  8.6
Translocations | 1 2 3 4 5 6 7 8 |  8.6
Transmutations | 4 5 6 7 8 9 |  9.5
Fire Magic     | 1 2 3 4 5 6 7 8 |  8.6
Ice Magic      | 1 2 3 4 5 6 7 8 |  8.6
Air Magic      | 1 2 3 4 5 6 7 8 |  8.6
Earth Magic    | 1 2 3 4 5 6 7 8 |  8.6
Poison Magic   | 1 2 3 4 5 6 7 8 |  8.6
Dodging        | 5 6 7 8 9 10 11 | 11.1
Unarmed Combat | 7 8 9 10 11 | 11.9

Action                   |  1- 3 |  4- 6 |  7- 9 | 10-12 | 13-15 || total
-------------------------+-------+-------+-------+-------+-------++-------
Melee: Unarmed           |    71 |   106 |   272 |   619 |   554 ||  1622
       Kick              |    23 |    21 |    47 |    61 |     2 ||   154
       Bite              |     3 |     7 |    18 |    13 |    97 ||   138
       Headbutt          |    10 |    11 |    33 |    36 |     2 ||    92
       Punch             |       |     1 |     7 |     1 |    24 ||    33
       Morningstar       |       |       |       |       |   479 ||   479
Throw: Javelin           |       |       |       |       |    14 ||    14
 Cast: Beastly Appendage |    24 |    12 |    34 |    34 |     3 ||   107
       Spider Form       |       |     3 |    16 |    12 |       ||    31
       Ice Form          |       |       |       |    27 |    32 ||    59
       Blade Hands       |       |       |       |     1 |    21 ||    22
       Wereblood         |       |       |       |       |     6 ||     6
Invok: Heroism           |       |       |       |     4 |    15 ||    19
       Finesse           |       |       |       |     2 |     7 ||     9
Evoke: Wand              |       |     1 |       |     9 |    12 ||    22
  Use: Scroll            |     5 |     2 |     2 |    20 |    19 ||    48
       Potion            |       |       |       |     1 |     5 ||     6
 Stab: Sleeping          |       |       |     4 |    22 |    15 ||    41
       Paralysed         |       |       |       |       |     2 ||     2
       Distracted        |       |       |       |       |     1 ||     1
Armor: Robe              |    15 |     7 |     2 |       |       ||    24
       Skin              |       |     1 |     4 |    64 |    52 ||   121
       Leather armour    |       |       |    11 |    10 |   129 ||   150
Dodge: Dodged            |    50 |    91 |   232 |   405 |   759 ||  1537
Block: Kite shield       |       |       |       |   106 |   368 ||   474

Table legend: (Time is in decaauts)
 A = Elapsed time spent in this place.
 B = Non-inter-level travel time spent in this place.
 C = Inter-level travel time spent in this place.
 D = Time resting spent in this place.
 E = Time spent auto-exploring this place.
 F = Levels seen in this place.
 G = Mean time per level.
                   A        B        C        D        E       F      G
               +--------+--------+--------+--------+--------+-----+--------+
         Total |  27815 |  26836 |    979 |   2767 |  18997 |  25 | 1112.6 |
       Dungeon |  14967 |  14426 |    541 |    936 |  10739 |  14 | 1069.1 |
          Lair |   8961 |   8628 |    333 |    738 |   6651 |   6 | 1493.5 |
  Orcish Mines |   2484 |   2380 |    104 |    316 |   1441 |   2 | 1242.0 |
         Abyss |    384 |    384 |      0 |    252 |      0 |   2 |  192.0 |
      Gauntlet |   1017 |   1017 |      0 |    525 |    166 |   1 | 1017.0 |
               +--------+--------+--------+--------+--------+-----+--------+

Top non-repeatable levels by time:
  Lair:6: 2467 daAuts
    D:10: 1847 daAuts
  Lair:4: 1684 daAuts
    D:13: 1444 daAuts
     D:4: 1371 daAuts
  Lair:1: 1336 daAuts
    D:11: 1333 daAuts
   Orc:2: 1269 daAuts
   Orc:1: 1214 daAuts
  Lair:2: 1213 daAuts
     D:7: 1205 daAuts
  Lair:3: 1179 daAuts
     D:5: 1135 daAuts
  Lair:5: 1081 daAuts
     D:2: 1072 daAuts
